AoeStats
← victordh91

Arabia

503818247Analyzed
1v1 RM · 29d ago on Sep 2, 2026· 59m 35s· 2 players
Game mode
Random Map
Map size
Tiny (2 player)
Population
200
Speed
Normal
Resources
Standard
Victory
Conquest
Starting age
Dark Age
Ending age
Imperial Age
RankedLock teamsTeams togetherTeam positionsShared explorationLock speedFull tech treeHidden civsTurbo modeCheats
Victory
Defeat
🇳🇱 Mongols · Netherlands
836
+18
🇺🇸 Mapuche · United States
883
-18
victordh91
8:37 Feudal Age
8:20 Loom
11:25 Horse Collar
13:26 Fletching
20:25 Castle Age
18:49 Double-Bit Axe
20:57 Bloodlines
22:38 Crossbowman
24:15 Thumb Ring
25:05 Bodkin Arrow
28:21 Squires
29:20 Wheelbarrow
31:39 Hand Cart
33:44 Bow Saw
37:30 Imperial Age
35:53 Heavy Plow
36:02 Padded Archer Armor
36:15 Forging
36:13 Scale Barding Armor
36:08 Scale Mail Armor
36:18 Husbandry
37:45 Arbalester
40:13 Conscription
39:59 Gold Mining
39:56 Cavalier
42:30 Chemistry
41:51 Ballistics
42:28 Murder Holes
42:24 Elite Mangudai
47:34 Bracer
48:00 Chain Mail Armor
48:00 Leather Archer Armor
48:06 Chain Barding Armor
48:22 Iron Casting
53:28 Heavy Cavalry Archer
54:35 Parthian Tactics
56:34 Light Cavalry
Keitaro
6:59 Loom
10:23 Feudal Age
11:05 Double-Bit Axe
18:45 Castle Age
16:48 Horse Collar
17:58 Gold Mining
20:13 Wheelbarrow
21:25 Bow Saw
21:49 Fletching
23:34 Heavy Plow
23:33 Elite Skirmisher
25:22 Pikeman
26:23 Hand Cart
26:32 Bodkin Arrow
27:56 Padded Archer Armor
31:52 Arson
32:48 Ballistics
34:46 Town Watch
35:28 Stone Mining
35:41 Town Patrol
39:22 Imperial Age
39:11 Champi Runner
40:17 Capped Ram
41:03 Elite Bolas Rider
43:14 Malon
46:51 Elite Kona
51:49 Leather Archer Armor
57:04 Chemistry
Connection lost

Rejoining the realm…

Still unreachable

The connection could not be restored.

Session expired

The server has moved on; the page needs a fresh start.